 Dungeon Crawl Stone Soup version 0.32-a0-172-gc5dd13f2a7 (webtiles) character file.

Game seed: 11234280220882642893

2 zenocrate the Sneak (level 1, -3/18 HPs)
             Began as a Demonspawn Delver on Feb 13, 2024.
             Slain by a lemure (5 damage)
             ... led by Pikel
             ... on level 4 of the Dungeon.
             The game lasted 00:00:28 (203 turns).

zenocrate the Sneak (Demonspawn Delver)              Turns: 203, Time: 00:00:28

Health: -3/18      AC:  4    Str: 12    XL:     1   Next: 33%
Magic:  1/1        EV: 11    Int: 10    God:
Gold:   16         SH:  0    Dex: 14    Spells: 0/0 levels left

rFire   . .          .
                       - Unarmed
rCold   . . .        (no shield)
rNeg    . . .        a - +0 leather armour
rPois   .            (no helmet)
rElec   .            h - +0 cloak
rCorr   .            (no gloves)
SInv    .            (no boots)
Will    .....        (no amulet)
Stlth   ++           (no ring)
HPRegen 0.23/turn    (no ring)
MPRegen 0.07/turn

%: no passive effects
@: no status effects
A: no striking features
a: no special abilities


You were on level 4 of the Dungeon.
You visited 1 branch of the dungeon, and saw 2 of its levels.

You collected 16 gold pieces.

Inventory:

Armour
 a - a +0 leather armour (worn)
 h - a +0 cloak (worn)
Wands
 f - a wand of digging (3)
Scrolls
 b - a scroll of fog
 c - a scroll of revelation
 g - a scroll of noise {unknown}
Potions
 e - 2 potions of haste
 i - a potion of brilliance {unknown}


   Skills:
 + Level 3.0 Fighting
 + Level 1.8 Dodging
 + Level 4.5 Stealth
 + Level 1.8 Unarmed Combat


You couldn't memorise any spells.
You didn't know any spells.
Your spell library was empty.

Dungeon Overview and Level Annotations

Branches:
Dungeon (5/15)
 Temple: D:4-7

Altars:

Annotations:
D:4 4 runed translucent doors, Pikel


Message History

The lemure closely misses you.
Unknown command.
Okay, then.
You closely miss the giant cockroach.
The giant cockroach is moderately wounded.
The giant cockroach bites you.
* * * LOW HITPOINT WARNING * * *
The lemure closely misses you.
The giant cockroach bites you but does no damage.
You hit the giant cockroach but do no damage.
Your punch misses the giant cockroach.
The giant cockroach is moderately wounded.
The lemure hits you but does no damage.
The giant cockroach bites you but does no damage.
You are too injured to fight recklessly!
You hit the giant cockroach but do no damage.
The giant cockroach is moderately wounded.
The lemure hits you.
* * * LOW HITPOINT WARNING * * *
The giant cockroach bites you but does no damage.
Unknown command.
You barely miss the giant cockroach.
The giant cockroach is moderately wounded.
The lemure completely misses you. The giant cockroach misses you.
Unknown command.
You hit the giant cockroach.
The giant cockroach is heavily wounded.
The giant cockroach bites you but does no damage.
The lemure hits you but does no damage.
Unknown command.
You hit the giant cockroach.
You kill the giant cockroach!
The lemure barely misses you.
Unknown command.
Unknown command.
You closely miss the lemure. The lemure closely misses you.
Unknown command.
You barely miss the lemure. The lemure hits you but does no damage.
You hit the lemure but do no damage. The lemure hits you.
You die...

#ß.?..ß# #$ o..)# .=#
#=..y.[# ..# #ß..$.ß#
#.# ##ß..ß### #.#
.##++##.+ #.# ........#
#.# ##......# #.#######
........## ##@.......
###.##...######5..######
##.###.#...5....###
...........###########
##.#####..............
##.## ##>.#######....
##.###..............
##.................
######~~.P...P.~~#


You could see a lemure.

Vanquished Creatures
  A ball python (D:4)
  A giant cockroach (D:4)
2 creatures vanquished.

Notes
Turn   | Place    | Note
-------+----------+-------------------------------------------
     0 | D:5      | zenocrate the Demonspawn Delver began the quest for the
                  | Orb.
     0 | D:5      | Reached XP level 1. HP: 18/18 MP: 1/1
    54 | D:4      | Found a large runed translucent door.
    55 | D:4      | Found a large runed translucent door.
    76 | D:4      | Noticed a killer bee
    77 | D:4      | Noticed an orc wizard
    83 | D:4      | Found a large runed translucent door.
    83 | D:4      | Found a large runed translucent door.
   129 | D:4      | Noticed a lemure
   130 | D:4      | Noticed a lemure
   130 | D:4      | Noticed a lemure
   130 | D:4      | Noticed a lemure
   130 | D:4      | Noticed Pikel
   203 | D:4      | Slain by a lemure

Illustrated notes

Levels and vault maps discovered:
D:4:      layout_loops_ring, nicolae_tso_besieged_by_evil, serial_bayou,
          serial_bayou_lagoon_a, serial_bayou_pond_c, serial_bayou_shore_a,
          serial_bayou_shore_b, minmay_hollow_rounded_squares, uniq_grinder,
          uniq_ijyb, uniq_pikel
D:5:      layout_basic, mainiacjoe_overflow_big_doors

Action                     || total
---------------------------++-------
  Melee: Unarmed           ||    21
    Use: Scroll            ||     1
   Stab: Sleeping          ||     1
 Armour: Leather armour    ||    21
  Dodge: Dodged            ||    19

Table legend: (Time is in decaauts)
 A = Elapsed time spent in this place.
 B = Non-inter-level travel time spent in this place.
 C = Inter-level travel time spent in this place.
 D = Time resting spent in this place.
 E = Time spent auto-exploring this place.
 F = Levels seen in this place.
 G = Mean time per level.
                   A        B        C        D        E       F      G
               +--------+--------+--------+--------+--------+-----+--------+
         Total |    206 |    206 |      0 |      0 |    104 |   2 |  103.0 |
       Dungeon |    206 |    206 |      0 |      0 |    104 |   2 |  103.0 |
               +--------+--------+--------+--------+--------+-----+--------+

Top non-repeatable levels by time:
     D:4: 167 daAuts
     D:5: 39 daAuts
